 Dungeon Sprint DCSS version 0.27-a0-1051-g288ea87c7c (webtiles) character file.

Game seed: 17949178876034835139

8883 mhtbhm the Scorcher (level 11, 0/54 HPs)
             Began as a Deep Elf Fire Elementalist on Apr 20, 2021.
             Was the Champion of Vehumet.
             Slain by a merfolk
             ... wielding a +0 trident
              (26 damage)
             ... in the Dungeon (Sprint V: "Ziggurat Sprint").
             The game lasted 00:05:46 (639 turns).

mhtbhm the Scorcher (Deep Elf Fire Elementalist)     Turns: 639, Time: 00:05:47

Health: 0/54       AC:  6    Str:  5    XL:     11   Next: 15%
Magic:  16/29      EV:  9    Int: 36    God:    Vehumet [******]
Gold:   0          SH:  0    Dex: 15    Spells: 13/41 levels left

rFire    + . .     SeeInvis .   C - +8 lance "Wyrmbane" {slay drac, rPois rF+ rC+ AC+3}
rCold    + . .     Faith    +   (no shield)
rNeg     . . .     Spirit   .   a - +1 robe {Will+}
rPois    +         Reflect  .   (no helmet)
rElec    .         Harm     .   (no cloak)
rCorr    .         Rampage  .   (no gloves)
Will     ++...     NoTele   +   (no boots)
Stlth    ++++......             z - amulet of faith
HPRegen  0.18/turn              u - +6 ring of intelligence
MPRegen  0.21/turn              v - +6 ring of intelligence

@: held
A: low mp 1
a: Renounce Religion


You were in the Dungeon.
You worshipped Vehumet.
Vehumet was exalted by your worship.
You visited 1 branch

Inventory:

Hand Weapons
 C - the +8 lance "Wyrmbane" (weapon) {slay drac, rPois rF+ rC+ AC+3}
   (You found it in the Dungeon)

   It affects your AC (+3).
   It protects you from fire.
   It protects you from cold.
   It protects you from poison.
Armour
 a - a +1 robe of willpower (worn)
Jewellery
 r - the ring of Darkness {rN++ MP+9 SInv}
   (You found it in the Dungeon)

   [ring of magical power]

   It greatly protects you from negative energy.
   It affects your magic capacity (+9).
   It lets you see invisible.
 s - a ring of positive energy
 u - a +6 ring of intelligence (left hand)
 v - a +6 ring of intelligence (right hand)
 z - an amulet of faith (around neck)
Wands
 y - a wand of mindburst (7)
Scrolls
 h - 2 scrolls of blinking
 m - 4 scrolls of amnesia
 n - 7 scrolls of fog
 o - a scroll of holy word
 p - 5 scrolls of identify
 q - 2 scrolls of fear
 t - 2 scrolls of brand weapon
Potions
 b - 2 potions of brilliance
 c - 10 potions of curing
 d - 6 potions of heal wounds
 e - 6 potions of haste
 f - 7 potions of magic
 g - 3 potions of berserk rage
 i - 2 potions of invisibility
 j - 4 potions of resistance
 k - a potion of experience
 l - 6 potions of might
Miscellaneous
 w - a phantom mirror
 A - a condenser vane
 B - a lightning rod (4/4)
 D - a box of beasts


   Skills:
 + Level 10.0 Dodging
 + Level 10.3 Stealth
 + Level 15.9 Spellcasting
 + Level 8.9 Conjurations
 + Level 18.4 Fire Magic
 + Level 10.7 Evocations


You had 13 spell levels left.
You knew the following spells:

 Your Spells              Type           Power      Damage    Failure   Level
a - Foxfire               Conj/Fire      100%       2x1d9     0%          1
b - Conjure Flame         Conj/Fire      91%        6-21      0%          3
c - Inner Flame           Hex/Fire       76%        N/A       1%          3
d - Sticky Flame          Conj/Fire      91%        2d10      1%          4
e - Fireball              Conj/Fire      45%        3d18      1%          5
f - Iron Shot             Conj/Erth      28%        9d6       9%          6
g - Freezing Cloud        Conj/Ice/Air   25%        6-21      16%         6

Your spell library contained the following spells:

 Spells                   Type           Power      Damage    Failure   Level
 Frozen Ramparts          Ice            56%        1d7       1%          3
 Apportation              Tloc           56%        N/A       1%          1
 Poisonous Vapours        Pois/Air       56%        N/A       1%          2
 Static Discharge         Conj/Air       57%        N/A       1%          2
 Ignite Poison            Fire/Tmut/Pois 64%        N/A       1%          3
 Mephitic Cloud           Conj/Pois/Air  50%        N/A       1%          3
 Fulminant Prism          Conj/Hex       28%        3d14      1%          4
 Bolt of Magma            Conj/Fire/Erth 38%        4d16      1%          5
 Irradiate                Conj/Tmut      28%        3d23      1%          5
 Iskenderun's Battlesphe  Conj           75%        2d12      1%          5
 Lesser Beckoning         Tloc           14%        N/A       3%          3
 Tukima's Dance           Hex            28%        N/A       3%          3
 Olgreb's Toxic Radiance  Pois           28%        N/A       3%          4
 Alistair's Intoxication  Tmut/Pois      18%        N/A       34%         5
 Eringya's Noxious Bog    Tmut/Pois      14%        N/A       43%         6
 Blade Hands              Tmut           14%        N/A       89%         6
 Invisibility             Hex            28%        N/A       89%         6
 Statue Form              Tmut/Erth      18%        N/A       89%         6
 Dragon Form              Tmut           14%        N/A       100%        7


Dungeon Overview and Level Annotations

Branches:
Dungeon (1/1)

Altars:
Ashenzari
Cheibriados
Dithmenos
Elyvilon
Fedhas
Gozag
Hepliaklqana
Kikubaaqudgha
Makhleb
Nemelex Xobeh
Okawaru
Qazlal
Ru
Sif Muna
Trog
Uskayaw
Vehumet
Wu Jian
Xom
Yredelemnul
Zin
The Shining One
Beogh
Jiyva
Lugonu


Innate Abilities, Weirdness & Mutations

Your magical capacity is low. (-10% MP)


Message History

The silver sears you!
* * * LOW HITPOINT WARNING * * *
Unknown command.
You feel much better.
The merfolk throws a boomerang.
The boomerang hits you.
Unknown command.
Casting: Fireball (safe; 1% risk of failure)
Confirm with . or Enter, or press ? or * to list all spells.
Aiming: Fireball (safe; 1% risk of failure)
Press: ? - help, Shift-Dir - straight line, f - merfolk
Aim: a merfolk, wielding a +0 trident and quivering boomerangs The fireball explodes!
The fireball engulfs the merfolk!!
The merfolk is moderately wounded.
The fireball engulfs the merfolk!
The merfolk is moderately wounded.
The fireball engulfs the merfolk!!
The merfolk is severely wounded.
The fireball engulfs the centaur!!
You kill the centaur!
Vehumet accepts your kill.
Unknown command.
Unknown command.
Unknown command.
Casting: Fireball (safe; 1% risk of failure)
Confirm with . or Enter, or press ? or * to list all spells.
You don't know that spell.
Casting: Fireball (safe; 1% risk of failure)
Confirm with . or Enter, or press ? or * to list all spells.
Aiming: Fireball (safe; 1% risk of failure)
Press: ? - help, Shift-Dir - straight line, f - merfolk, p - merfolk
Aim: a merfolk, wielding a +2 spectral lajatang (severely wounded)
The fireball explodes!
The fireball engulfs the merfolk!!
You kill the merfolk!
Vehumet accepts your kill.
You feel your power returning.
The fireball engulfs the merfolk!!!
You kill the merfolk!
Vehumet accepts your kill.
You feel your power returning.
The fireball engulfs the merfolk!!
The merfolk is severely wounded.
The merfolk hits you from afar with a +0 trident!!
You die...

▓..=)}|}..▓
▓...:|==..▓
▓.........▓
▓....)(...▓
▓....)....▓
▓...))mm..▓
▓.▓.....▓.▓
▓....@....▓
▓▓▓▓▓▓▓▓▓▓▓


You could see 2 merfolk.

Vanquished Creatures
  2 dancing weapons (D)
  A deep elf archer (D)
  3 deep elf pyromancers (D)
  3 deep elf zephyrmancers (D)
  A cyclops (D)
  An ugly thing (D)
  2 shining eyes (D)
  A yaktaur (shapeshifter) (D)
  A rime drake (shapeshifter) (D)
  5 merfolk (D)
  A jumping spider (shapeshifter) (D)
  A blink frog (shapeshifter) (D)
  An air elemental (D)
  2 neqoxecs (D)
  A water moccasin (D)
  A water moccasin (shapeshifter) (D)
  An orc warrior (D)
  A centaur (D)
  An earth elemental (D)
  A crimson imp (D)
  A quasit (D)
  5 orc priests (D)
  An orc wizard (D)
  4 adders (D)
  An ufetubus (D)
  3 orcs (D)
  4 ball pythons (D)
50 creatures vanquished.

Vanquished Creatures (others)
  A dancing weapon (D)
  A deep elf zephyrmancer (D)
  2 foxfires (D)
4 creatures vanquished.

Grand Total: 54 creatures vanquished

Notes
Turn   | Place    | Note
-------+----------+-------------------------------------------
     0 | D        | mhtbhm the Deep Elf Fire Elementalist began the quest for
                  | the Orb.
     0 | D        | Reached XP level 1. HP: 10/10 MP: 6/6
     0 | D        | Found a shimmering blue altar of Sif Muna.
     0 | D        | Found a bloodstained altar of Trog.
     0 | D        | Found a sacrificial altar of Ru.
     0 | D        | Found a stormy altar of Qazlal.
     0 | D        | Found an iron altar of Okawaru.
     1 | D        | Found a sparkling altar of Nemelex Xobeh.
     1 | D        | Found a blossoming altar of Fedhas.
     2 | D        | Found the +6 Majin-Bo {vamp, MP+6 Int+6}
     2 | D        | Found the +9 heavy crossbow "Sniper" {vorpal, Acc+∞ SInv}
     2 | D        | Found the +10 dark maul {vorpal}
     2 | D        | Found the +15 Maxwell's patent armour {-Cast -Tele rElec
                  | Will+ rCorr}
     2 | D        | Found the +18 shield of the Gong {rElec rN+ Will+ EV-5}
     2 | D        | Found the +14 obsidian axe {vorpal, Drain Fly SInv}
     2 | D        | Found the +7 great mace "Firestarter" {inner flame, rF++}
     2 | D        | Found the +6 shillelagh "Devastator" {shatter}
     2 | D        | Found the +11 plutonium sword {Contam Stlth-}
     2 | D        | Found the +8 lance "Wyrmbane" {slay drac, rPois rF+ rC+
                  | AC+3}
     2 | D        | Found the +9 sword of Zonguldrok {reap}
     2 | D        | Found the +13 scythe of Curses {drain, Drain}
     2 | D        | Found the +5 sword of Power {vorpal}
     2 | D        | Found the +7 mace of Variability {chain chaos}
     2 | D        | Found the +7 Singing Sword {vorpal, sonic wave}
     2 | D        | Found the +8 storm bow {elec, penet}
     3 | D        | Found a transporter.
     3 | D        | Found an ancient bone altar of Kikubaaqudgha.
     3 | D        | Found a viscous altar of Jiyva.
     3 | D        | Found a corrupted altar of Lugonu.
     3 | D        | Found a hazy altar of Hepliaklqana.
     3 | D        | Found a burning altar of Makhleb.
     3 | D        | Found an opulent altar of Gozag.
    42 | D        | Became a worshipper of Vehumet
    66 | D        | Entered arena 2.
    66 | D        | Noticed a cyan ugly thing
    66 | D        | Noticed a warg
    66 | D        | Found a transporter.
    68 | D        | Noticed a water moccasin
    68 | D        | a warg changed into a water moccasin
    74 | D        | Killed a water moccasin
    75 | D        | Reached skill level 7 in Fire Magic
    75 | D        | Reached XP level 2. HP: 15/15 MP: 7/11
    75 | D        | Reached XP level 3. HP: 19/19 MP: 7/12
    75 | D        | Reached XP level 4. HP: 24/24 MP: 8/14
    75 | D        | Killed a cyan ugly thing
    76 | D        | Reached skill level 11 in Fire Magic
    76 | D        | Reached XP level 5. HP: 28/28 MP: 8/18
    76 | D        | Reached XP level 6. HP: 32/32 MP: 8/20
    80 | D        | Learned a level 3 spell: Conjure Flame
    84 | D        | Learned a level 3 spell: Inner Flame
    89 | D        | Learned a level 4 spell: Sticky Flame
    95 | D        | Learned a level 5 spell: Fireball
   151 | D        | Entered arena 3.
   151 | D        | Found a transporter.
   153 | D        | Reached * piety under Vehumet
   153 | D        | Offered knowledge of Magic Dart by Vehumet.
   154 | D        | Reached skill level 12 in Fire Magic
   154 | D        | Reached XP level 7. HP: 36/36 MP: 16/21
   182 | D        | Entered arena 4.
   182 | D        | Found a transporter.
   183 | D        | Reached ** piety under Vehumet
   210 | D        | Entered arena 5.
   210 | D        | Found a transporter.
   211 | D        | Reached *** piety under Vehumet
   212 | D        | Reached skill level 10 in Spellcasting
   323 | D        | Entered arena 6.
   323 | D        | Found a transporter.
   324 | D        | Offered knowledge of Poisonous Vapours by Vehumet.
   324 | D        | Reached **** piety under Vehumet
   348 | D        | Entered arena 7.
   348 | D        | Noticed a +1 long sword of holy wrath
   348 | D        | Noticed a +2 hand axe of electrocution
   348 | D        | Noticed an air elemental
   348 | D        | Noticed a deep elf pyromancer
   348 | D        | Noticed a deep elf zephyrmancer
   350 | D        | Killed a deep elf zephyrmancer
   351 | D        | Reached skill level 13 in Fire Magic
   351 | D        | Reached skill level 5 in Evocations
   351 | D        | Reached XP level 8. HP: 41/41 MP: 16/24
   351 | D        | Killed a +2 hand axe of electrocution
   351 | D        | Killed a deep elf pyromancer
   351 | D        | Reached ***** piety under Vehumet
   352 | D        | Reached skill level 14 in Fire Magic
   352 | D        | Reached XP level 9. HP: 45/45 MP: 17/27
   352 | D        | Killed a +1 long sword of holy wrath
   353 | D        | Reached skill level 15 in Fire Magic
   354 | D        | Reached skill level 5 in Conjurations
   354 | D        | Found a transporter.
   440 | D        | Got the amulet of Hiezunt {Acrobat Regen+ Int-5 Dex+8}
   448 | D        | Acquired the Grimoire of Conjuration
   459 | D        | Learned a level 6 spell: Iron Shot
   461 | D        | Entered arena 8.
   464 | D        | Found a transporter.
   475 | D        | Got the Tome of Poisonous Flames
   493 | D        | Entered arena 9.
   493 | D        | Noticed a deep elf archer
   493 | D        | Noticed a deep elf zephyrmancer
   493 | D        | Noticed a deep elf pyromancer
   493 | D        | Noticed a deep elf zephyrmancer
   493 | D        | Noticed a +1 vorpal glaive
   493 | D        | Noticed a deep elf pyromancer
   493 | D        | Noticed a deep elf zephyrmancer
   494 | D        | Killed a deep elf zephyrmancer
   494 | D        | Offered knowledge of Frozen Ramparts by Vehumet.
   495 | D        | Reached skill level 16 in Fire Magic
   495 | D        | Killed a deep elf zephyrmancer
   495 | D        | Reached ****** piety under Vehumet
   495 | D        | Killed a deep elf pyromancer
   496 | D        | Reached XP level 10. HP: 50/50 MP: 22/29
   496 | D        | Killed a deep elf zephyrmancer
   497 | D        | Killed a deep elf pyromancer
   497 | D        | Killed a deep elf archer
   498 | D        | Reached skill level 17 in Fire Magic
   503 | D        | Killed a +1 vorpal glaive
   504 | D        | Found a transporter.
   544 | D        | Learned a level 6 spell: Freezing Cloud
   545 | D        | Entered arena 10.
   545 | D        | Noticed a shining eye
   545 | D        | Noticed a shining eye
   547 | D        | Killed a shining eye
   548 | D        | Reached skill level 10 in Stealth
   548 | D        | Gained mutation: Your magical capacity is low. (-10% MP) [a
                  | shining eye]
   549 | D        | Reached skill level 15 in Spellcasting
   549 | D        | Reached skill level 18 in Fire Magic
   549 | D        | Reached skill level 10 in Evocations
   551 | D        | Killed a shining eye
   552 | D        | Reached XP level 11. HP: 43/54 MP: 12/29
   552 | D        | Found a transporter.
   559 | D        | Got the ring of Darkness {rN++ MP+9 SInv}
   632 | D        | Entered arena 11.
   635 | D        | Reached skill level 10 in Dodging
   639 | D        | Slain by a merfolk

Illustrated notes

Levels and vault maps discovered:
D:        sprint_v [room_start, room_1, room_2, room_3, room_4, room_5, room_6,
          room_7, room_8, room_9, room_10, room_11, room_12, room_13, room_14,
          room_15, room_16, room_17, room_18, room_19, room_20, room_21,
          room_22, room_23, room_24, room_25, room_26, room_27]

Skill      XL: |  1  2  3  4  5  6  7  8  9 10 11 |
---------------+----------------------------------+-----
Dodging        | 4 6 7 8 9 10 | 10.0
Stealth        | 4 6 7 8 9 10 | 10.3
Spellcasting   | 6 9 10 12 13 15 | 15.9
Fire Magic     | 7 11 12 13 14 16 18 | 18.4
Evocations     | 2 3 4 5 6 8 10 | 10.7
Conjurations   | 2 3 4 6 8 |  8.9

Action                   |  1- 3 |  4- 6 |  7- 9 | 10-12 || total
-------------------------+-------+-------+-------+-------++-------
 Cast: Foxfire           |     1 |       |       |       ||     1
       Fireball          |       |       |     9 |    14 ||    23
Evoke: Wand              |     4 |     1 |     6 |     3 ||    14
       Lightning rod     |     2 |     1 |     2 |       ||     5
  Use: Scroll            |     2 |       |     1 |       ||     3
       Potion            |       |       |       |     4 ||     4
Armor: Robe              |       |       |     1 |     2 ||     3
Dodge: Dodged            |       |       |       |     2 ||     2

Table legend: (Time is in decaauts)
 A = Elapsed time spent in this place.
 B = Non-inter-level travel time spent in this place.
 C = Inter-level travel time spent in this place.
 D = Time resting spent in this place.
 E = Time spent auto-exploring this place.
 F = Levels seen in this place.
 G = Mean time per level.
                   A        B        C        D        E       F      G
               +--------+--------+--------+--------+--------+-----+--------+
         Total |    637 |    637 |      0 |    321 |      0 |   1 |  637.0 |
       Dungeon |    637 |    637 |      0 |    321 |      0 |   1 |  637.0 |
               +--------+--------+--------+--------+--------+-----+--------+

Top non-repeatable levels by time:
       D: 637 daAuts
